 Dungeon Crawl Stone Soup version 0.20-a0-971-g5896763 (webtiles) character file.

112 Hybris the Cudgeler (level 4, -2/48 HPs)
             Began as an Ogre Fighter on Apr 8, 2017.
             Slain by Grinder (5 damage)
             ... on level 3 of the Dungeon.
             The game lasted 00:03:18 (2512 turns).

Hybris the Cudgeler (Ogre Fighter)                  Turns: 2512, Time: 00:03:19

Health: -2/48      AC:  3    Str: 21    XL:     4   Next: 95%
Magic:  4/4        EV:  8    Int:  9    God:
Gold:   122        SH:  8    Dex:  8    Spells: 3/3 levels left

rFire    . . .     SeeInvis .   a - +0 flail
rCold    . . .     Gourm    .   c - +0 shield
rNeg     . . .     Faith    .   b - +0 robe
rPois    .         Spirit   .   (helmet restricted)
rElec    .         Reflect  .   (no cloak)
rCorr    .         Harm     .   (gloves unavailable)
MR       .....                  (boots unavailable)
Stlth    +.........             (no amulet)
Regen    0.2/turn               (no ring)
MPRegen  0.1/turn               (no ring)

@: no status effects
A: unfitting armour, tough skin 1
a: no special abilities


You were on level 3 of the Dungeon.
You were not hungry.

You visited 1 branch of the dungeon, and saw 3 of its levels.

You collected 122 gold pieces.

Inventory:

Hand Weapons
 a - a +0 flail (weapon)
Armour
 b - a +0 robe (worn)
 c - a +0 shield (worn)
Scrolls
 e - 5 scrolls of identify
 j - a scroll of recharging {unknown}
 k - a scroll of enchant weapon {unknown}
 l - a scroll of remove curse {unknown}
 n - a scroll of immolation {unknown}
Potions
 g - a potion of mutation {unknown}
 i - a potion of curing
Comestibles
 d - 3 chunks of flesh
 f - a bread ration
 h - 4 royal jellies
 m - a meat ration
 o - 2 fruits


   Skills:
 - Level 4.0 Fighting
 * Level 4.4 Maces & Flails
 - Level 2.6 Dodging
 - Level 2.6 Shields


You had 3 spell levels left.
You didn't know any spells.

Dungeon Overview and Level Annotations

Branches:
Dungeon (3/15)

Altars:
Cheibriados
Elyvilon
Kikubaaqudgha
Nemelex Xobeh
Trog

Annotations:
D:3 Grinder


Innate Abilities, Weirdness & Mutations

You are too large for most types of armour.
You have tough skin. (AC +1)


Message History

You suddenly lose the ability to move!
Grinder hits you.
You can move again.
You barely miss Grinder.
Grinder is moderately wounded.
Grinder gestures at you. Pain shoots through your body!
You sock Grinder!
Grinder is severely wounded.
Grinder hits you!
You writhe in agony.
* * * LOW HITPOINT WARNING * * *
You hit Grinder.
Grinder is severely wounded.
You block Grinder's attack.
You hit Grinder.
Grinder is severely wounded.
Grinder barely misses you. Grinder hits you.
* * * LOW HITPOINT WARNING * * *
You writhe in agony.
You die...

....(.....#####
#######+......#
#..###.# #..#
#.# #..# #.####
#..# #.#.. .
#### #.#.####...
#.####.#....?...
#.(....@5...#
+.####.#.[..#
...#....#
.....+....#
#######....#
.....# #.####
#.#


You could see Grinder.

Vanquished Creatures
  Terence (D:2)
  2 adders (D:2)
  2 worms
  4 dart slugs
  A leopard gecko (D:1)
  4 orcs
  2 giant cockroaches
  8 hobgoblins
  4 jackals (D:2)
  6 bats
  4 frilled lizards
  5 goblins
  8 kobolds
  3 rats
54 creatures vanquished.

Notes
Turn   | Place    | Note
-------+----------+-------------------------------------------
     0 | D:1      | Hybris the Ogre Fighter began the quest for the Orb.
     0 | D:1      | Reached XP level 1. HP: 24/24 MP: 1/1
   152 | D:1      | Reached XP level 2. HP: 32/32 MP: 2/2
   879 | D:1      | Reached XP level 3. HP: 39/39 MP: 3/3
  1421 | D:2      | Found an ancient bone altar of Kikubaaqudgha.
  1540 | D:2      | Found a sparkling altar of Nemelex Xobeh.
  1540 | D:2      | Found a bloodstained altar of Trog.
  1541 | D:2      | Found a snail-covered altar of Cheibriados.
  1719 | D:2      | Reached XP level 4. HP: 47/48 MP: 4/4
  2107 | D:3      | Noticed Terence
  2148 | D:2      | Killed Terence
  2441 | D:3      | Found a white marble altar of Elyvilon.
  2475 | D:3      | Noticed Grinder
  2492 | D:3      | Paralysed by Grinder for 7 turns
  2507 | D:3      | Paralysed by Grinder for 2 turns
  2512 | D:3      | Slain by Grinder

Vault maps used:
D:1:      onia_arrival_pyramid
D:2:      kiku_gazebo_pond_becter, gammafunk_temple_overflow_forgotten,
          grunt_decor_arrowhead
D:3:      nicolae_overflow_hidden_temple, nicolae_ru_great_annihilating_truth,
          uniq_grinder, uniq_terence

Skill      XL: |  1  2  3  4 |
---------------+-------------+-----
Maces & Flails | 2 3 4 |  4.4
Fighting       | |  4.0
Dodging        | |  2.6
Shields        | |  2.6

Action                   |  1- 3 |  4- 6 || total
-------------------------+-------+-------++-------
Melee: Flail             |   119 |    64 ||   183
  Use: Scroll            |       |     1 ||     1
       Potion            |       |     1 ||     1
 Stab: Sleeping          |     1 |       ||     1
  Eat: Chunk             |     3 |     2 ||     5
Armor: Robe              |    29 |    16 ||    45
Dodge: Dodged            |    35 |    34 ||    69
Block: Shield            |    39 |    33 ||    72
